 Dungeon Crawl Stone Soup version 0.28-a0-1234-g826d19b2e0 (webtiles) character file.

Game seed: 4470220250296918247

47 kipponium the Cudgeller (level 3, 0/35 HPs)
             Began as a Gnoll Cinder Acolyte on Dec 23, 2021.
             Was a High Priest of Ignis.
             Slain by a bat (1 damage)
             ... on level 3 of the Dungeon.
             The game lasted 00:03:06 (1830 turns).

kipponium the Cudgeller (Gnoll Cinder Acolyte)      Turns: 1830, Time: 00:03:06

Health: 0/35       AC:  6    Str: 13    XL:     3   Next: 70%
Magic:  7/7        EV: 11    Int: 13    God:    Ignis [*****.]
Gold:   69         SH:  0    Dex:  9    Spells: 5/7 levels left

rFire   + . .      SeeInvis .   a - -1 mace (flame)
rCold   + . .      Faith    .   (no shield)
rNeg    . . .      Spirit   .   d - +1 leather armour {rC+}
rPois   .          Reflect  .   (no helmet)
rElec   .          Harm     .   l - +1 cloak
rCorr   .          Rampage  .   (no gloves)
Will    .....                   (no boots)
Stlth   +.........              (no amulet)
HPRegen 0.11/turn               (no ring)
MPRegen 0.10/turn               (no ring)

@: no status effects
A: fangs 1, strong nose, distributed training
a: Renounce Religion, Fiery Armour, Foxfire Swarm, Rising Flame


You were on level 3 of the Dungeon.
You worshipped Ignis.
Ignis was extremely pleased with you.
You visited 1 branch of the dungeon, and saw 3 of its levels.

You collected 69 gold pieces.

Inventory:

Hand Weapons
 a - a -1 mace of flaming (weapon)
Missiles
 g - 5 boomerangs (quivered)
Armour
 b - a +0 robe
 d - a +1 leather armour of cold resistance (worn)
 l - a +1 cloak (worn)
Jewellery
 n - a +6 ring of strength
Scrolls
 h - a scroll of amnesia {unknown}
 i - 2 scrolls of identify {unknown}
 k - a scroll of acquirement {unknown}
 m - 2 scrolls of blinking {unknown}
Potions
 c - 2 potions of attraction {unknown}
 e - a potion of might {unknown}
 f - 2 potions of magic {unknown}
 j - a potion of heal wounds {unknown}


   Skills:
 + Level 6.5 Fighting
 + Level 0.9 Short Blades
 + Level 0.9 Long Blades
 + Level 0.9 Axes
 + Level 6.5 Maces & Flails
 + Level 0.9 Polearms
 + Level 0.9 Staves
 + Level 0.9 Slings
 + Level 0.9 Bows
 + Level 0.9 Crossbows
 + Level 0.9 Throwing
 + Level 0.9 Armour
 + Level 0.9 Dodging
 + Level 0.9 Stealth
 + Level 0.9 Shields
 + Level 0.9 Unarmed Combat
 + Level 2.8 Spellcasting
 + Level 0.6 Conjurations
 + Level 0.6 Hexes
 + Level 0.6 Summonings
 + Level 0.6 Necromancy
 + Level 0.6 Translocations
 + Level 0.6 Transmutations
 + Level 5.4 Fire Magic
 + Level 0.6 Ice Magic
 + Level 0.6 Air Magic
 + Level 0.6 Earth Magic
 + Level 0.6 Poison Magic
 + Level 1.0 Invocations
 + Level 0.9 Evocations


You had 5 spell levels left.
You knew the following spells:

 Your Spells              Type           Power      Damage    Failure   Level
a - Call Imp              Summ           3%         N/A       34%         2

Your spell library contained the following spells:

 Spells                   Type           Power      Damage    Failure   Level
 Scorch                   Fire           32%        2d7       4%          2
 Magic Dart               Conj           12%        1d3       22%         1
 Mephitic Cloud           Conj/Pois/Air  3%         N/A       56%         3


Dungeon Overview and Level Annotations

Branches:
Dungeon (3/15)

Altars:


Innate Abilities, Weirdness & Mutations

You have very sharp teeth.
Your uncanny sense of smell can sniff out nearby items.
Your experience applies equally to all skills.


Message History

The bat completely misses you. The bat barely misses you. The bat misses you.
The bat hits you but does no damage. The bat hits you but does no damage.
The bat barely misses you. The bat closely misses you. The bat hits you.
The bat hits you. The bat closely misses you. The bat barely misses you.
The bat hits you. The bat hits you but does no damage.
The bat hits you but does no damage. The bat barely misses you.
The bat hits you but does no damage.
The orc priest begins to cast a cantrip, but forgets the words!
The bat hits you but does no damage. The bat barely misses you.
The bat hits you but does no damage. The bat completely misses you.
The bat hits you but does no damage. The bat misses you.
The bat closely misses you. The bat barely misses you.
The bat hits you but does no damage. The bat hits you. The bat misses you.
The bat barely misses you. The bat barely misses you.
The bat hits you but does no damage. The bat barely misses you.
The bat misses you. The bat barely misses you. The bat closely misses you. x2
The bat misses you. The bat misses you. The bat barely misses you.
The bat hits you but does no damage. The bat barely misses you.
The bat barely misses you.
The orc priest mumbles some strange prayers to Beogh against you.
Beogh smites you!
* * * LOW HITPOINT WARNING * * *
The bat barely misses you. The bat hits you.
You die...

#o#.# #.# #.#
#.# #.#.# #.#
#.# #.# #.#.#
#.# #.# #.#
#g#.# #.####.#
#.# #.#<#
#......# #.#
#.############
#.#
#....o...g...#
#.#
############b#
#.# #@# #.#
#.# #.# #.#
#.# #.# #.#
#.# #.#
#.#####.##
#........#
##########


You could see a bat.

Vanquished Creatures
  A dart slug (D:2)
  A worm (D:2)
  2 orcs (D:3)
  5 endoplasms
  2 giant cockroaches
  3 goblins
  5 hobgoblins (D:2)
  2 jackals (D:1)
  4 kobolds
  A quokka (D:2)
  5 ball pythons
  2 bats
  2 frilled lizards
  A rat (D:2)
36 creatures vanquished.

Notes
Turn   | Place    | Note
-------+----------+-------------------------------------------
     0 | D:1      | kipponium the Gnoll Cinder Acolyte began the quest for the
                  | Orb.
     0 | D:1      | Reached XP level 1. HP: 23/23 MP: 4/4
   356 | D:1      | Reached XP level 2. HP: 29/29 MP: 5/5
   359 | D:1      | Learned a level 2 spell: Call Imp
   842 | D:2      | Reached XP level 3. HP: 33/35 MP: 7/7
  1182 | D:2      | Reached skill level 1 in Invocations
  1829 | D:3      | HP: 1/35 [orc priest/divine providence (14)]
  1830 | D:3      | Slain by a bat

Illustrated notes

Levels and vault maps discovered:
D:1:      dpeg_arrival_houses_and_road, layout_loops_ring
D:2:      minmay_general_purpose_star, layout_loops_ring, st_stairs_10,
          kennysheep_generic_room_14
D:3:      layout_basic, hellmonk_ecumenical_altar_leap_of_faith, uniq_sigmund

Skill      XL: |  1  2  3 |
---------------+----------+-----
Invocations    | 1 |  1.0
Fighting       | |  6.5
Short Blades   | |  0.9
Long Blades    | |  0.9
Axes           | |  0.9
Maces & Flails | |  6.5
Polearms       | |  0.9
Staves         | |  0.9
Slings         | |  0.9
Bows           | |  0.9
Crossbows      | |  0.9
Throwing       | |  0.9
Armour         | |  0.9
Dodging        | |  0.9
Stealth        | |  0.9
Shields        | |  0.9
Unarmed Combat | |  0.9
Spellcasting   | |  2.8
Conjurations   | |  0.6
Hexes          | |  0.6
Summonings     | |  0.6
Necromancy     | |  0.6
Translocations | |  0.6
Transmutations | |  0.6
Fire Magic     | |  5.4
Ice Magic      | |  0.6
Air Magic      | |  0.6
Earth Magic    | |  0.6
Poison Magic   | |  0.6
Evocations     | |  0.9

Action                   || total
-------------------------++-------
Melee: Mace              ||   124
       Bite              ||     9
Armor: Robe              ||     5
       Leather armour    ||    37
Dodge: Dodged            ||    94

Table legend: (Time is in decaauts)
 A = Elapsed time spent in this place.
 B = Non-inter-level travel time spent in this place.
 C = Inter-level travel time spent in this place.
 D = Time resting spent in this place.
 E = Time spent auto-exploring this place.
 F = Levels seen in this place.
 G = Mean time per level.
                   A        B        C        D        E       F      G
               +--------+--------+--------+--------+--------+-----+--------+
         Total |   1839 |   1775 |     64 |     59 |   1408 |   3 |  613.0 |
       Dungeon |   1839 |   1775 |     64 |     59 |   1408 |   3 |  613.0 |
               +--------+--------+--------+--------+--------+-----+--------+

Top non-repeatable levels by time:
     D:2: 1028 daAuts
     D:1: 656 daAuts
     D:3: 154 daAuts
